 Dungeon Crawl Stone Soup version 0.17.0-24-gcfadda4 (webtiles) character file.

335 Sorcv the Sneak (level 6, -2/42 HPs)
             Began as a Mummy Enchanter on Nov 15, 2015.
             Slain by an ice beast (5 damage)
             ... on level 5 of the Dungeon.
             The game lasted 00:10:58 (3351 turns).

Sorcv the Sneak (Mummy Enchanter)                   Turns: 3351, Time: 00:10:59

Health: -2/42      AC:  7    Str: 11    XL:     6   Next: 28%
Magic:  2/9        EV: 12    Int: 15    God:
Gold:   207        SH:  0    Dex: 14    Spells: 3 memorised, 3 levels left

rFire  x . .     SeeInvis .     a - +1 dagger
rCold  + . .     Clarity  .     b - +1 robe
rNeg   + + +     SustAt   .     (no shield)
rPois  ∞         Gourm    .     (no helmet)
rElec  .         Spirit   .     p - +0 cloak
rCorr  .         Warding  .     (no gloves)
rMut   .         Stasis   .     m - +0 pair of boots
MR     .....                    (no amulet)
Stlth  ++++......               j - +2 ring of protection
                                i - ring of stealth

@: very slightly contaminated, not resistant to hostile enchantments, stealthy
A: no food or potions, fire vulnerability, cold resistance 1, negative energy
resistance 3, torment resistance, unbreathing
a: no special abilities


You were on level 5 of the Dungeon.
You were not hungry.

You visited 2 branches of the dungeon, and saw 8 of its levels.

You collected 207 gold pieces.

Inventory:

Hand Weapons
 a - a +1 dagger (weapon)
Armour
 b - a +1 robe (worn)
 m - a +0 pair of boots (worn)
 p - a +0 cloak (worn)
Jewellery
 i - a ring of stealth (left hand)
 j - a +2 ring of protection (right hand)
Scrolls
 d - a scroll of remove curse
 f - 2 scrolls of teleportation
 g - 2 scrolls of random uselessness
 h - a scroll of blinking {unknown}
 l - a scroll of noise
 n - 2 scrolls of fear
 o - a scroll of immolation {unknown}
 q - a scroll of enchant weapon {unknown}
Books
 c - a book of Maledictions

   Spells                             Type                      Level
   a - Corona                         Hexes                        1
   b - Ensorcelled Hibernation        Hexes/Ice                    2
   c - Confuse                        Hexes                        3
   d - Tukima's Dance                 Hexes                        3
   e - Dazzling Spray                 Conjuration/Hexes            3


   Skills:
 + Level 0.6 Fighting
 + Level 2.9 Short Blades
 - Level 1.5 Dodging
 * Level 4.2 Stealth
 - Level 2.0 Spellcasting
 - Level 4.1 Hexes


You had 3 spell levels left.
You knew the following spells:

 Your Spells              Type           Power        Failure   Level  Hunger
a - Corona                Hex            ##.....      4%          1    N/A
b - Ensorcelled Hibernat  Hex/Ice        #.....       14%         2    N/A
c - Confuse               Hex            ##......     14%         3    N/A

Dungeon Overview and Level Annotations

Branches:
Dungeon (7/15)             Temple (1/1) D:4

Altars:
Cheibriados
Elyvilon
Fedhas
Kikubaaqudgha
Makhleb
Okawaru
Sif Muna
Trog
Yredelemnul

Portals:
Ossuary: D:6

Annotations:
D:4 Prince Ribbit


Innate Abilities, Weirdness & Mutations

You do not eat or drink.
Your flesh is vulnerable to fire.
You are immune to poison.
Your flesh is cold resistant.
You are immune to negative energy.
You are immune to unholy pain and torment.
You can survive without breathing.


Message History

You barely miss the ice beast.
The ice beast is severely wounded.
The ice beast barely misses you. The sky beast misses you.
You hit the ice beast but do no damage.
The ice beast is severely wounded.
The ice beast barely misses you.
You hit the ice beast but do no damage.
The ice beast is severely wounded.
The sky beast hits you but does no damage.
You barely miss the ice beast.
The ice beast is severely wounded.
The ice beast hits you but does no damage.
The sky beast hits you but does no damage.
Unknown command.
You barely miss the ice beast.
The ice beast is severely wounded.
The ice beast hits you.
* * * LOW HITPOINT WARNING * * *
The ice beast freezes you. You resist.
You die...

*,,,,,,,*,* *,⌠,,,⌠,*,*
***,,,,,,,#.############
*,+,,,⌠,,,+..........<..
*,*,,,,,,,**###.........
*,*,⌠,,,⌠,### #.........
#,*,,,,,,,#.###.........
#.####+####.............
#....#Y@................
*##.....Y#................
*........####.###..##..###
*.......<# ### ##.#*....*
*........# #..#.##.#
*##....### *##$#,**.#
#....**********,,..,,,,,
#$...,,,,,,,,,,,,...,,,,
####.,*********,,,,,,,,,


You could see an ice beast and a sky beast.

Vanquished Creatures
  A hound (D:4)
  A human zombie (D:3)
  Crazy Yiuf (D:2)
  Jessica (D:2)
  An orc wizard (D:4)
  3 worker ants
  3 adders
  2 oozes
  4 worms
  3 giant geckos
  5 orcs
  6 giant cockroaches
  2 goblins (D:3)
  6 hobgoblins
  4 jackals (D:2)
  A quokka (D:2)
  A ball python (D:3)
  9 bats
  5 giant newts
  6 kobolds
  5 rats (D:1)
  A fungus (D:2)
71 creatures vanquished.

Notes
Turn   | Place    | Note
--------------------------------------------------------------
     0 | D:1      | Sorcv the Mummy Enchanter began the quest for the Orb.
     0 | D:1      | Reached XP level 1. HP: 13/13 MP: 3/3
   207 | D:1      | Reached skill level 1 in Short Blades
   212 | D:1      | Reached skill level 3 in Hexes
   212 | D:1      | Reached XP level 2. HP: 5/19 MP: 5/5
   856 | D:2      | Reached XP level 3. HP: 22/24 MP: 6/6
   860 | D:2      | Learned a level 2 spell: Ensorcelled Hibernation
   864 | D:2      | Learned a level 3 spell: Confuse
  1181 | D:2      | Noticed Jessica
  1187 | D:2      | Killed Jessica
  1187 | D:2      | Reached XP level 4. HP: 30/30 MP: 4/7
  1554 | D:2      | Noticed Crazy Yiuf
  1566 | D:2      | Killed Crazy Yiuf
  1680 | D:3      | Reached XP level 5. HP: 35/35 MP: 5/8
  1839 | D:3      | Noticed a human
  1840 | D:3      | Found a runed door.
  1844 | D:3      | Found a basalt altar of Yredelemnul.
  2629 | D:4      | Noticed a phantom
  2646 | D:4      | Reached skill level 4 in Hexes
  2860 | D:4      | Reached XP level 6. HP: 41/41 MP: 6/9
  2866 | D:4      | You fall through a shaft for 3 floors!
  2893 | D:6      | Found an iron altar of Okawaru.
  2936 | D:6      | Found a sand-covered staircase.
  2964 | D:5      | Entered Level 5 of the Dungeon
  2967 | D:5      | Noticed Prince Ribbit
  3028 | D:4      | Found a staircase to the Ecumenical Temple.
  3037 | Temple   | Entered the Ecumenical Temple
  3351 | D:5      | Slain by an ice beast

Action                   |  1- 3 |  4- 6 || total
-------------------------+-------+-------++-------
Melee: Dagger            |   134 |   151 ||   285
 Cast: Corona            |     1 |     3 ||     4
       Ensorcelled Hiber |     1 |    12 ||    13
       Confuse           |       |     8 ||     8
  Use: Scroll            |       |     8 ||     8
 Stab: Sleeping          |    10 |    20 ||    30
       Confused          |       |     3 ||     3
